 Dungeon Crawl Stone Soup version 0.19.5 (webtiles) character file.

73 equalderp2856 the Scratcher (level 4, -4/22 HPs)
             Began as a Felid Fighter on Mar 28, 2017.
             Slain by Terence
             ... wielding a +0 trident of flaming
              (5 damage)
             ... on level 3 of the Dungeon.
             The game lasted 00:08:38 (3355 turns).

equalderp2856 the Scratcher (Felid Fighter)         Turns: 3355, Time: 00:08:39

Health: -4/22      AC:  1    Str: 13    XL:     4   Next: 8%
Magic:  5/5        EV: 20    Int:  9    God:
Gold:   152        SH:  0    Dex: 16    Spells: 0 memorised, 3 levels left
                                        Lives:  0   Deaths: 1

rFire  . . .     SeeInvis +       - Unarmed
rCold  . . .     Gourm    .     (armour unavailable)
rNeg   . . .     Faith    .     (shield unavailable)
rPois  .         Spirit   .     (helmet unavailable)
rElec  .         Reflect  .     (cloak unavailable)
rCorr  .         Harm     .     (gloves unavailable)
MR     .....                    (boots unavailable)
Stlth  ++........               (no amulet)
                                (no ring)
                                (no ring)

@: quick
A: no armour, no weapons or thrown items, stealth, claws 1, fangs 3, see
invisible, carnivore 3, speed 1, shaggy fur 1, slow metabolism 1, sharp paws
a: no special abilities


You were on level 3 of the Dungeon.
You were not hungry.

You visited 1 branch of the dungeon, and saw 3 of its levels.

You collected 152 gold pieces.

Inventory:

Jewellery
 f - an uncursed ring of positive energy {unknown}
 j - an uncursed ring of flight {unknown}
Scrolls
 c - a scroll of blinking {unknown}
 e - 2 scrolls of magic mapping {unknown}
 h - 2 scrolls of teleportation {unknown}
 i - a scroll of enchant weapon {unknown}
 k - 2 scrolls of remove curse {unknown}
 m - a scroll of immolation {unknown}
 o - a scroll of random uselessness {unknown}
Potions
 a - a potion of might
 p - a potion of brilliance {unknown}
Comestibles
 b - 5 meat rations
 d - 2 bread rations
 n - a beef jerky


   Skills:
 + Level 3.7 Fighting
 + Level 4.7 Dodging
 + Level 1.7 Stealth
 + Level 5.4 Unarmed Combat


You had 3 spell levels left.
You didn't know any spells.

Dungeon Overview and Level Annotations

Branches:
Dungeon (3/15)

Altars:
Dithmenos
Yredelemnul

Annotations:
D:3 Terence


Innate Abilities, Weirdness & Mutations

You cannot wear armour.
You are incapable of wielding weapons or throwing items.
Your paws allow you to move quietly. (Stealth)
You have sharp claws.
You have razor-sharp teeth.
You have supernaturally acute eyesight. (SInv)
You are carnivorous and can eat meat at any time.
You cover ground quickly.
You are covered in fur. (AC +1)
You have a slow metabolism.
Your sharp claws are effective at attacking unaware monsters.


Message History

Terence burns you.
* * * LOW HITPOINT WARNING * * *
You scratch Terence but do no damage.
Terence is severely wounded.
Terence hits you with a trident of flaming.
* * * LOW HITPOINT WARNING * * *
Terence burns you.
* * * LOW HITPOINT WARNING * * *
You scratch Terence but do no damage.
Terence is severely wounded.
Terence closely misses you.
You scratch Terence but do no damage.
Terence is severely wounded.
Terence misses you.
You scratch Terence but do no damage.
Terence is severely wounded.
You scratch Terence.
Terence is almost dead.
Terence hits you with a trident of flaming.
You die...

♣.....♣ # ♣.....♣
##♣....♣ .#♣....♣
.##♣...♣#
#######..#♣♣...♣#
.........###♣♣..♣######.#
..###......###♣....$....#
#....>>......###@.....##
..###...####...@...##.#
.## ##.## ######### .#
#.# .# #.# # ## #.# # #.#
# #.# # ######)# ### #


You could see Terence.

Vanquished Creatures
  7 adders
  An ooze (D:2)
  A dart slug (D:1)
  2 leopard geckos
  8 orcs (D:3)
  2 ball pythons
  8 bats
  3 giant cockroaches
  10 goblins
  11 hobgoblins
  A quokka (D:2)
  3 frilled lizards
  7 kobolds
  7 rats
71 creatures vanquished.

Notes
Turn   | Place    | Note
-------+----------+-------------------------------------------
     0 | D:1      | equalderp2856 the Felid Fighter began the quest for the Orb.
     0 | D:1      | Reached XP level 1. HP: 10/10 MP: 2/2
   497 | D:1      | Reached XP level 2. HP: 13/14 MP: 3/3
  1495 | D:1      | Reached XP level 3. HP: 17/17 MP: 4/4
  1648 | D:2      | Reached skill level 1 in Stealth
  2015 | D:2      | Reached XP level 4. HP: 20/21 MP: 5/5
  2052 | D:2      | Reached skill level 5 in Unarmed Combat
  2194 | D:2      | Found a shadowy altar of Dithmenos.
  3188 | D:3      | Reached XP level 5. HP: 25/25 MP: 6/6
  3323 | D:3      | Killed from afar by an orc wizard
  3324 | D:3      | Reached XP level 4. HP: -8/22 MP: 5/5
  3324 | D:3      | Found a basalt altar of Yredelemnul.
  3340 | D:3      | Noticed Terence
  3351 | D:3      | HP: 1/22 [Terence/trident of flaming (1)]
  3355 | D:3      | Slain by Terence

Skill      XL: |  1  2  3  4 |
---------------+-------------+-----
Stealth        | 1 |  1.7
Unarmed Combat | 5 |  5.4
Fighting       | |  3.7
Dodging        | |  4.7

Action                   |  1- 3 |  4- 6 || total
-------------------------+-------+-------++-------
Melee: Unarmed           |   100 |   127 ||   227
       Bite              |     7 |     8 ||    15
       Punch             |     1 |     1 ||     2
  Use: Potion            |       |     3 ||     3
 Stab: Sleeping          |     3 |     2 ||     5
  Eat: Chunk             |     9 |     2 ||    11
Armor: Skin              |     3 |     7 ||    10
Dodge: Dodged            |   113 |    95 ||   208
